 Dungeon Crawl Stone Soup version 0.18.1-8-gdd0e5ea (webtiles) character file.

68 Kasora the Insei (level 3, 0/28 HPs)
             Began as a Demigod Transmuter on June 7, 2016.
             Killed from afar by Sigmund (5 damage)
             ... with a puff of flame
             ... on level 2 of the Dungeon.
             The game lasted 00:20:08 (2308 turns).

Kasora the Insei (Demigod Transmuter)               Turns: 2308, Time: 00:20:09

Health: 0/28       AC: 10    Str: 15    XL:     3   Next: 73%
Magic:  0/9        EV:  4    Int: 17    God:
Gold:   36         SH:  0    Dex: 16    Spells: 2 memorised, 3 levels left

rFire  . . .     SeeInvis .     h - +0 dagger
rCold  . . .     Gourm    .     i - +0 plate armour
rNeg   . . .     Faith    .     (no shield)
rPois  .         Spirit   +     (no helmet)
rElec  .         Dismiss  .     (no cloak)
rCorr  .         Reflect  .     (no gloves)
SustAt +         Harm     .     (no boots)
MR     .....                    o - amulet of guardian spirit
Stlth  ..........               (no ring)
                                (no ring)

@: very slightly contaminated, not resistant to hostile enchantments, extremely
unstealthy
A: high mp 1, evolution 1, sustain attributes
a: no special abilities


You were on level 2 of the Dungeon.
You were hungry.

You visited 1 branch of the dungeon, and saw 2 of its levels.

You collected 36 gold pieces.

Inventory:

Hand Weapons
 h - a +0 dagger (weapon)
 j - a +0 short sword
 k - a +0 club
 l - a +0 dagger
 m - a cursed +0 club
 p - a +0 whip
 q - a +0 spear
 r - a cursed -1 club
 w - a +0 club
 z - a +0 whip
 B - a +0 hunting sling
 C - a +0 hunting sling
 E - a +0 club
 F - a +0 short sword
 G - a +0 short sword
Missiles
 a - 42 arrows
 e - 86 stones (quivered)
 x - 22 poisoned needles
Armour
 b - a +0 robe
 g - a +0 leather armour
 i - a +0 plate armour (worn)
 n - a +0 scale mail
 t - a +0 robe
Jewellery
 o - an amulet of guardian spirit (around neck)
 D - an uncursed ring of ice {unknown}
Scrolls
 f - a scroll of teleportation
 u - a scroll of enchant weapon {unknown}
 v - 2 scrolls of identify {unknown}
 y - a scroll of fog {unknown}
 A - a scroll of remove curse
Potions
 s - 2 potions of degeneration {unknown}
Books
 c - a book of Changes

   Spells                             Type                      Level
   a - Beastly Appendage              Transmutation                1
   b - Sticks to Snakes               Transmutation                2
   c - Spider Form                    Transmutation/Poison         3
   d - Ice Form                       Ice/Transmutation            4
   e - Blade Hands                    Transmutation                5
Comestibles
 d - a bread ration
 H - 2 fruits


   Skills:
 + Level 1.2 Fighting
 + Level 0.8 Short Blades
 + Level 1.0 Armour
 + Level 1.9 Dodging
 + Level 0.4 Stealth
 + Level 3.1 Unarmed Combat
 + Level 2.3 Spellcasting
 + Level 2.0 Transmutations


You had 3 spell levels left.
You knew the following spells:

 Your Spells              Type           Power        Failure   Level  Hunger
a - Beastly Appendage     Trmt           #.....       100%        1    #......
b - Sticks to Snakes      Trmt           #.......     100%        2    ###....


Dungeon Overview and Level Annotations

Branches:
Dungeon (2/15)

Annotations:
D:2 Sigmund


Innate Abilities, Weirdness & Mutations

You have an increased reservoir of magic (+10% MP).
Your attributes are resistant to harm.
You evolve.


Message History

You hit something but do no damage. You closely miss something.
You hear some strange, mumbled words.
You are confused.
Your plate armour prevents you from hitting something.
Something hits you. Something hits you.
You're too confused to move!
You bump into the rock wall.
Something hits you. Something hits you!
* * * LOW HITPOINT WARNING * * *
You bump into the rock wall.
You bump into the rock wall.
You feel less confused. Something hits you but does no damage.
Something hits you.
* * * LOW HITPOINT WARNING * * *
A puff of flame appears from out of thin air!
The puff of flame hits you!
You die...

###### #....# ***
##....############
*,**#######.................
*,,,.(....{......###.#######
*,**#######.####.# #.#
*,**,,.,#........# #.#######
*,**,*#.#.#@#..#####........
*,,,,,#.#...........####....
******#.....##..###.# #....
####.........###.# #....
#..........#...#.####....
#............#.#.........
#............#.###*****#.
**##...<........#.#########.
*..........>..............+.


There were no monsters in sight!

Vanquished Creatures
  2 adders (D:2)
  3 dart slugs
  3 giant cockroaches
  8 goblins
  5 hobgoblins
  3 jackals (D:2)
  6 bats
  3 giant newts
  7 kobolds
  4 rats (D:1)
44 creatures vanquished.

Notes
Turn   | Place    | Note
--------------------------------------------------------------
     0 | D:1      | Kasora the Demigod Transmuter began the quest for the Orb.
     0 | D:1      | Reached XP level 1. HP: 15/15 MP: 5/5
   456 | D:1      | Reached XP level 2. HP: 12/22 MP: 7/7
   492 | D:1      | Reached skill level 3 in Unarmed Combat
   940 | D:1      | Reached skill level 1 in Fighting
  1472 | D:2      | Reached XP level 3. HP: 20/28 MP: 8/8
  1557 | D:2      | Gained mutation: You are clumsy. (Dex -2) [potion of mutation]
  1557 | D:2      | Gained mutation: You evolve. [potion of mutation]
  1557 | D:2      | Lost mutation: You are clumsy. (Dex -2) [potion of mutation]
  2139 | D:2      | Learned a level 2 spell: Sticks to Snakes
  2196 | D:2      | Reached skill level 1 in Armour
  2280 | D:2      | Noticed Sigmund
  2308 | D:2      | Killed from afar by Sigmund

Skill      XL: |  1  2  3 |
---------------+----------+-----
Spellcasting   | 2 |  2.3
Unarmed Combat | 3 |  3.1
Fighting       | 1 |  1.2
Transmutations | 2 |  2.0
Armour         | 1 |  1.0
Short Blades   | |  0.8
Dodging        | |  1.9
Stealth        | |  0.4

Action                   || total
-------------------------++-------
Melee: Dagger            ||   298
       Unarmed           ||     6
       Punch             ||     1
Throw: Stone             ||     3
  Use: Scroll            ||     4
       Potion            ||     1
  Eat: Bread ration      ||     1
Armor: Plate armour      ||   334
Dodge: Dodged            ||    63
